 Dungeon Crawl Stone Soup version 0.30-a0-269-gf0224bf7b6 (webtiles) character file.

Game seed: 5511811909087260417

674 koil the Sneak (level 7, -3/35 HPs)
             Began as a Spriggan Enchanter on Oct 15, 2022.
             Slain by gzilladon's ghost (11 damage)
             ... on level 4 of the Dungeon.
             The game lasted 00:10:18 (4174 turns).

koil the Sneak (Spriggan Enchanter)                 Turns: 4174, Time: 00:10:18

Health: -3/35      AC:  2    Str:  4    XL:     7   Next: 33%
Magic:  1/15       EV: 19    Int: 17    God:
Gold:   130        SH:  0    Dex: 17    Spells: 10/15 levels left

rFire   . . .      SeeInvis +    a - +1 dagger
rCold   . . .      Faith    .    (no shield)
rNeg    . . .      Spirit   .    w - +0 robe {Will+}
rPois   .          Reflect  .    (helmet restricted)
rElec   .          Harm     .    (no cloak)
rCorr   .          Rampage  .    (gloves unavailable)
Will    ++...                    (boots unavailable)
Stlth   ++++......               (no amulet)
HPRegen 0.25/turn                (no ring)
MPRegen 0.14/turn                (no ring)

@: very quick
A: very small, no large weapons, unfitting armour, see invisible, speed 3
a: no special abilities


You were on level 4 of the Dungeon.
You visited 1 branch of the dungeon, and saw 4 of its levels.

You collected 158 gold pieces.
You spent 28 gold pieces at shops.

Inventory:

Hand Weapons
 a - a +1 dagger (weapon)
 s - a +2 scythe of protection
 v - a +2 dagger of electrocution
 y - a +0 mace of holy wrath
Armour
 b - a +0 robe
 r - a +0 robe
 w - a +0 robe of willpower (worn)
Jewellery
 f - a ring of fire
 x - a ring of flight
Scrolls
 e - a scroll of butterflies {unknown}
 g - a scroll of brand weapon {unknown}
 k - 2 scrolls of immolation {unknown}
 l - a scroll of silence {unknown}
 o - 3 scrolls of amnesia {unknown}
 p - a scroll of magic mapping {unknown}
 t - a scroll of identify {unknown}
 u - a scroll of summoning {unknown}
Potions
 c - 2 potions of invisibility
 d - 2 potions of haste {unknown}
 h - a potion of attraction {unknown}
 i - a potion of might {unknown}
 j - a potion of curing {unknown}
 m - 3 potions of brilliance {unknown}
 n - a potion of flight {unknown}
 q - a potion of heal wounds {unknown}
 z - a potion of lignification {unknown}
 A - 2 potions of degeneration


   Skills:
 + Level 2.3 Fighting
 + Level 3.7 Short Blades
 + Level 5.0 Dodging
 + Level 6.7 Stealth
 + Level 4.6 Spellcasting
 + Level 5.4 Hexes


You had 10 spell levels left.
You knew the following spells:

 Your Spells              Type           Power      Damage    Failure   Level
a - Ensorcelled Hibernat  Hex/Ice        26%        N/A       8%          2
b - Confusing Touch       Hex            22%        N/A       4%          3

Your spell library contained the following spells:

 Spells                   Type           Power      Damage    Failure   Level
 Tukima's Dance           Hex            22%        N/A       4%          3
 Magic Dart               Conj           12%        1d3       14%         1
 Dazzling Flash           Conj/Hex       26%        N/A       14%         3
 Blink                    Tloc           6%         N/A       22%         2
 Searing Ray              Conj           6%         2d4       22%         2
 Fulminant Prism          Conj/Hex       6%         3d7       43%         4
 Manifold Assault         Tloc           3%         N/A       82%         4
 Storm Form               Tmut/Air       1%         N/A       100%        7


Dungeon Overview and Level Annotations

Branches:
Dungeon (4/15)
 Temple: D:4-7

Altars:
Cheibriados
Fedhas
Ru
Sif Muna
Yredelemnul
Zin
The Shining One

Shops:
D:1 (   D:4 !*

Annotations:
D:1 1 runed translucent door
D:4 1 runed translucent door, gzilladon's ghost, novice GnFi


Innate Abilities, Weirdness & Mutations

You are very small and have problems with some larger weapons.
You are too small for most types of armour.
You have supernaturally acute eyesight. (SInv)
You cover ground extremely quickly. (Speed+++)


Message History

Aiming: Ensorcelled Hibernation (safe; 8% risk of failure)
Press: ? - help, Shift-Dir - straight line, f - worm
Aim: a worm (chance to affect: 55%)
The worm resists with significant effort.
Casting: Ensorcelled Hibernation (safe; 8% risk of failure)
Confirm with . or Enter, or press ? or * to list all spells.
Aiming: Ensorcelled Hibernation (safe; 8% risk of failure)
Press: ? - help, Shift-Dir - straight line, f/p - worm
Aim: a worm (chance to affect: 55%)
The worm looks drowsy...
The helpless worm fails to defend itself.
You perforate the worm like a sieve!!!
You kill the worm!
Gzilladon's ghost seems less confused.
Casting: Ensorcelled Hibernation (safe; 8% risk of failure)
Confirm with . or Enter, or press ? or * to list all spells.
Your hands begin to glow red.
You barely miss gzilladon's ghost.
You hit gzilladon's ghost but do no damage.
Gzilladon's ghost appears confused.
You are too injured to fight recklessly!
You are too injured to fight recklessly!
You are too injured to fight recklessly!
You hit gzilladon's ghost but do no damage.
Gzilladon's ghost hits you.
* * * LOW HITPOINT WARNING * * *
You hit gzilladon's ghost but do no damage.
You hit gzilladon's ghost.
Gzilladon's ghost is lightly damaged.
Gzilladon's ghost hits itself!
You see here a rat corpse.
You hit gzilladon's ghost but do no damage.
Gzilladon's ghost is lightly damaged.
You strike the helpless gzilladon's ghost from behind!
You puncture gzilladon's ghost!
Gzilladon's ghost is moderately damaged.
You hit gzilladon's ghost.
Gzilladon's ghost is moderately damaged.
Gzilladon's ghost hits you!
You die...

..##__## #...# #..#.......###)#.
...#⌠⌠#####.#####..........# ##..
...####.# #............##..# ##..
.>.# #..###.###....#.......###...
..## #........##.############...#
.).####...##......#~~~~~~~~W#...#
..........#####...'~~~~$~~~~+....
..........####..†.#~~~~~~~~~#.<..
......###...#...@W###########....
.......#................###......
......#.....#..###.......#.......
#..)..#....##### #.............#.
##...#.....# ####............##
#####.....# #..#.........#.##
##.#.#..### ##............#.#
##....##.## #....##...#...###
..........## #......#.###.##


You could see gzilladon's ghost (confused).

Vanquished Creatures
  Grinder (D:3)
  Sigmund (D:3)
  A necrophage (D:4)
  A hound (D:4)
  An iguana (D:4)
  Terence (D:3)
  An orc wizard (D:4)
  A gnoll (D:3)
  A river rat (D:4)
  4 adders
  2 worms
  A dart slug (D:2)
  10 orcs
  5 endoplasms
  A giant cockroach (D:1)
  4 goblins
  7 hobgoblins
  14 jackals
  5 quokkas
  9 ball pythons
  2 bats
  3 frilled lizards
  3 kobolds
  2 rats
  A spectral orc (D:4)
82 creatures vanquished.

Notes
Turn   | Place    | Note
-------+----------+-------------------------------------------
     0 | D:1      | koil the Spriggan Enchanter began the quest for the Orb.
     0 | D:1      | Reached XP level 1. HP: 9/9 MP: 5/5
     1 | D:1      | Found a runed translucent door.
   317 | D:1      | Found Teopesh's Weapon Boutique.
   385 | D:1      | Reached XP level 2. HP: 13/13 MP: 6/6
   388 | D:1      | Learned a level 2 spell: Ensorcelled Hibernation
   981 | D:2      | Found a glowing golden altar of the Shining One.
  1323 | D:2      | Reached XP level 3. HP: 17/17 MP: 8/8
  1334 | D:2      | Learned a level 3 spell: Confusing Touch
  1684 | D:3      | Noticed Terence
  1694 | D:3      | Killed Terence
  1695 | D:3      | Reached skill level 5 in Stealth
  1695 | D:3      | Reached XP level 4. HP: 7/21 MP: 1/9
  1857 | D:3      | Found a sacrificial altar of Ru.
  1955 | D:3      | Noticed Grinder
  1973 | D:3      | Killed Grinder
  1974 | D:3      | Reached skill level 1 in Fighting
  1974 | D:3      | Reached XP level 5. HP: 20/25 MP: 7/11
  1974 | D:3      | Reached XP level 6. HP: 24/30 MP: 7/12
  2161 | D:3      | Found a shimmering blue altar of Sif Muna.
  2549 | D:3      | Noticed Sigmund
  2576 | D:3      | Killed Sigmund
  2577 | D:3      | Reached skill level 6 in Stealth
  2577 | D:3      | Reached skill level 5 in Hexes
  2791 | D:3      | Found a faded altar of an unknown god.
  3085 | D:4      | Noticed gzilladon's ghost (novice GnFi)
  3085 | D:4      | Found a runed translucent door.
  3101 | D:4      | Reached XP level 7. HP: 33/35 MP: 11/14
  3374 | D:4      | Found a runed translucent door.
  3473 | D:4      | Found a basalt altar of Yredelemnul.
  3647 | D:4      | Found Vuorrah's Elemental Accessories.
  3786 | D:4      | Found a glowing golden altar of the Shining One.
  3836 | D:4      | Found a glowing silver altar of Zin.
  3836 | D:4      | Noticed an angel
  3850 | D:4      | Found Ijiud's Distillery.
  3860 | D:4      | Bought 2 potions of degeneration for 28 gold pieces
  4091 | D:4      | Found a blossoming altar of Fedhas.
  4091 | D:4      | Found a snail-covered altar of Cheibriados.
  4154 | D:4      | Reached skill level 5 in Dodging
  4174 | D:4      | Slain by gzilladon's ghost

Illustrated notes

Levels and vault maps discovered:
D:1:      dpeg_arrival_caged_fury, layout_loops_ring, serial_shops,
          nicolae_shop_bloodbath_and_beyond,
          hangedman_abyss_or_decor_lesser_grid
D:2:      layout_rooms, basic_altar
D:3:      layout_loops_corners, nicolae_overflow_crystal_walls,
          nicolae_ru_sacrificial_ziggurat,
          shapermc_ecumenical_altar_mp_highgroup, uniq_sigmund, uniq_grinder,
          uniq_terence
D:4:      layout_cave_pools, zin_angel, yredelemnul_forgotten_temple_becter,
          gammafunk_temple_overflow_wave, overflow_temple_1_default,
          ebering_ghost_sewer_f, serial_shops, nicolae_lakefront_shop,
          nicolae_elemental_shop

Skill      XL: |  1  2  3  4  5  6  7 |
---------------+----------------------+-----
Dodging        | 3 4 5 |  5.0
Hexes          | 4 5 |  5.4
Spellcasting   | 3 4 |  4.6
Short Blades   | 2 3 |  3.7
Stealth        | 5 6 |  6.7
Fighting       | 1 2 |  2.3

Action                   |  1- 3 |  4- 6 |  7- 9 || total
-------------------------+-------+-------+-------++-------
Melee: Dagger            |   124 |   121 |    87 ||   332
       Punch             |       |     3 |       ||     3
 Cast: Ensorcelled Hiber |    10 |     9 |    24 ||    43
       Confusing Touch   |     1 |     3 |     2 ||     6
 Stab: Sleeping          |    15 |     9 |    11 ||    35
       Confused          |       |     4 |     1 ||     5
       Distracted        |       |       |     1 ||     1
Armor: Robe              |    14 |     3 |     1 ||    18
Dodge: Dodged            |   103 |    93 |    80 ||   276

Table legend: (Time is in decaauts)
 A = Elapsed time spent in this place.
 B = Non-inter-level travel time spent in this place.
 C = Inter-level travel time spent in this place.
 D = Time resting spent in this place.
 E = Time spent auto-exploring this place.
 F = Levels seen in this place.
 G = Mean time per level.
                   A        B        C        D        E       F      G
               +--------+--------+--------+--------+--------+-----+--------+
         Total |   3023 |   2945 |     78 |    629 |   1639 |   4 |  755.8 |
       Dungeon |   3023 |   2945 |     78 |    629 |   1639 |   4 |  755.8 |
               +--------+--------+--------+--------+--------+-----+--------+

Top non-repeatable levels by time:
     D:3: 1047 daAuts
     D:4: 759 daAuts
     D:1: 632 daAuts
     D:2: 584 daAuts
